 Dungeon Crawl Stone Soup version 0.28-a0-1429-gf3d713df7a (webtiles) character file.

Game seed: 7519152747125530926

21 croobank the Skirmisher (level 2, -1/24 HPs)
             Began as a Demonspawn Abyssal Knight on Jan 8, 2022.
             Was a Follower of Lugonu.
             Slain by a goblin (3 damage)
             ... on level 2 of the Dungeon.
             The game lasted 00:06:10 (1098 turns).

croobank the Skirmisher (Demonspawn Abyssal Knight) Turns: 1098, Time: 00:06:11

Health: -1/24      AC:  3    Str: 13    XL:     2   Next: 62%
Magic:  4/4        EV: 11    Int: 11    God:    Lugonu [*.....]
Gold:   32         SH:  0    Dex: 13    Spells: 1/1 levels left

rFire   . . .      SeeInvis .   a - +1 hand axe
rCold   . . .      Faith    .   (no shield)
rNeg    . . .      Spirit   .   b - +0 leather armour
rPois   .          Reflect  .   (no helmet)
rElec   .          Harm     .   (no cloak)
rCorr   .          Rampage  .   (no gloves)
Will    .....                   (no boots)
Stlth   +.........              (no amulet)
HPRegen 0.08/turn               (no ring)
MPRegen 0.09/turn               (no ring)

@: on berserk cooldown, slowed, very slow
A: sturdy frame 1
a: Renounce Religion, Depart the Abyss


You were on level 2 of the Dungeon.
You worshipped Lugonu.
Lugonu was aware of your devotion.
You visited 1 branch of the dungeon, and saw 2 of its levels.
You visited the Abyss 1 time.

You collected 32 gold pieces.

Inventory:

Hand Weapons
 a - a +1 hand axe (weapon)
Missiles
 g - 5 stones (quivered)
Armour
 b - a +0 leather armour (worn)
 h - a +0 chain mail


   Skills:
 + Level 3.2 Fighting
 + Level 2.0 Axes
 + Level 2.0 Armour
 + Level 1.2 Dodging
 + Level 2.8 Invocations


You had one spell level left.
You didn't know any spells.
Your spell library was empty.

Dungeon Overview and Level Annotations

Branches:
Dungeon (2/15)

Altars:

Annotations:
D:2 Robin


Innate Abilities, Weirdness & Mutations

Your movements are slightly less encumbered by armour. (ER -2)


Message History

The hobgoblin hits you but does no damage.
The goblin closely misses you.
You barely miss Robin.
Robin is heavily wounded.
You hit the goblin.
You kill the goblin!
Lugonu accepts your kill.
You barely miss the hobgoblin. The hobgoblin closely misses you.
Robin hits you with a +0 club.
* * * LOW HITPOINT WARNING * * *
Things that are here:
a +0 club; a +4 dagger You feel a strong urge to attack something.
Robin roars a battlecry!
The goblins go into a battle-frenzy!
You feel your anger nearly subside.
You are no longer berserk.
You are exhausted.
You feel yourself slow down. Robin throws the goblin at you!
The goblin hits you but does no damage.
You hit the goblin.
You kill the goblin!
Lugonu accepts your kill.
Robin laughs in a distinctly smug fashion.
Things that are here:
a +0 club; a goblin corpse You aren't carrying any potions.
You aren't carrying any scrolls.
You hit the hobgoblin.
The hobgoblin is heavily wounded.
The hobgoblin barely misses you. x2
The hobgoblin barely misses you.
A goblin comes into view. It is wielding a +0 dagger.
The hobgoblin barely misses you.
Robin says, "My goblins will feast on your bones."
The goblin shouts!
The hobgoblin barely misses you. Robin throws the goblin at you!
* * * LOW HITPOINT WARNING * * *
The goblin hits you with a +0 dagger.
You die...

.#. .... ...#
.#.. .#.# ####
#####.#.# ...
#.g@..#.#..##.#
#.##g##.#......
# #...g.g.....#
#####.#.###.
#.# #.# #g# #.#
#g# #)# #.# #.#


You could see Robin, a hobgoblin (strong) and a goblin.

Vanquished Creatures
  4 endoplasms (D:1)
  A hobgoblin (D:1)
  A quokka (D:1)
  A bat (D:1)
  A frilled lizard (D:1)
  7 goblins
  A kobold (D:1)
  3 rats (D:1)
19 creatures vanquished.

Notes
Turn   | Place    | Note
-------+----------+-------------------------------------------
     0 | Abyss:1  | croobank the Demonspawn Abyssal Knight began the quest for
                  | the Orb.
     0 | Abyss:1  | Reached XP level 1. HP: 18/18 MP: 2/2
    38 | Abyss:1  | Noticed an apocalypse crab
    39 | D:1      | Escaped the Abyss
   208 | D:1      | Reached skill level 1 in Dodging
   208 | D:1      | Reached * piety under Lugonu
   443 | D:1      | Gained mutation: Your movements are slightly less
                  | encumbered by armour. (ER -2) [demonic ancestry]
   443 | D:1      | Reached XP level 2. HP: 14/24 MP: 4/4
  1062 | D:2      | Noticed Robin
  1098 | D:2      | Slain by a goblin

Illustrated notes

Levels and vault maps discovered:
D:1:      wander_arrival_abandoned_jail, layout_basic
D:2:      layout_basic, uniq_robin

Skill      XL: |  1  2 |
---------------+-------+-----
Dodging        | 1 |  1.2
Axes           | 2 |  2.0
Armour         | 2 |  2.0
Fighting       | |  3.2
Invocations    | |  2.8

Action                   || total
-------------------------++-------
Melee: Hand axe          ||    36
Throw: Boomerang         ||     4
Invok: Depart the Abyss  ||     1
  Use: Potion            ||     2
       Scroll            ||     1
 Stab: Sleeping          ||     1
Armor: Leather armour    ||    11
Dodge: Dodged            ||    31

Table legend: (Time is in decaauts)
 A = Elapsed time spent in this place.
 B = Non-inter-level travel time spent in this place.
 C = Inter-level travel time spent in this place.
 D = Time resting spent in this place.
 E = Time spent auto-exploring this place.
 F = Levels seen in this place.
 G = Mean time per level.
                   A        B        C        D        E       F      G
               +--------+--------+--------+--------+--------+-----+--------+
         Total |   1109 |   1099 |     10 |    333 |    612 |   3 |  369.7 |
       Dungeon |   1070 |   1060 |     10 |    333 |    574 |   2 |  535.0 |
         Abyss |     39 |     39 |      0 |      0 |     38 |   1 |   39.0 |
               +--------+--------+--------+--------+--------+-----+--------+

Top non-repeatable levels by time:
     D:1: 980 daAuts
     D:2: 90 daAuts
 Abyss:1: 39 daAuts
